 Dungeon Crawl Stone Soup version 0.19.3-1-g3169bf9 (webtiles) character file.

9627 Jerry the Fighter (level 11, 0/63 HPs)
             Began as a Vine Stalker Berserker on Jan 25, 2017.
             Was a High Priest of Trog.
             Succumbed to a killer bee's poison
             ... on level 10 of the Dungeon.
             The game lasted 00:26:52 (8149 turns).

Jerry the Fighter (Vine Stalker Berserker)          Turns: 8149, Time: 00:26:52

Health: 0/63       AC: 13    Str: 26    XL:     11   Next: 49%
Magic:  8/12       EV:  8    Int:  9    God:    Trog [*****.]
Gold:   618        SH:  0    Dex: 17    Spells: 0 memorised, 10 levels left

rFire  . . .     SeeInvis +     S - +3 rapier (elec)
rCold  + . .     Gourm    +     a - +2 chain mail {rC+}
rNeg   . . .     Faith    .     (no shield)
rPois  .         Spirit   +     w - +1 hat
rElec  .         Reflect  .     B - +0 cloak
rCorr  .         Harm     .     M - +0 pair of gloves
MR     +++..                    (no boots)
Stlth  ..........               t - amulet of the Forsaken Beggars {Gourm Str+2 Int+2}
                                F - +4 ring of strength
                                D - ring of see invisible

@: lethally poisoned (0 -> -6), exhausted, regenerating, very heavily drained
A: fangs 3, regeneration 1, magic shield, antimagic bite, no device heal 3, rot
immunity
a: Berserk, Trog's Hand, Brothers in Arms, Burn Spellbooks, Renounce Religion


You were on level 10 of the Dungeon.
You worshipped Trog.
Trog was extremely pleased with you.
You were full.

You visited 1 branch of the dungeon, and saw 10 of its levels.
You also visited: Ossuary.

You collected 618 gold pieces.

Inventory:

Hand Weapons
 n - a +3 short sword
 A - a +1 long sword of slicing
 S - a +3 rapier of electrocution (weapon)
Armour
 a - a +2 chain mail of cold resistance (worn)
 w - a +1 hat (worn)
 B - a +0 cloak (worn)
 M - a +0 pair of gloves (worn)
Rods
 T - a +0 rod of inaccuracy (12/12)
   (You took it off an orc on level 10 of the Dungeon)
Jewellery
 j - a +3 amulet of reflection
 t - the amulet of the Forsaken Beggars (around neck) {Gourm Str+2 Int+2}
   (You found it on level 4 of the Dungeon)

   [amulet of the gourmand]

   It allows you to eat raw meat even when not hungry.
   It affects your strength (+2).
   It affects your intelligence (+2).
 D - a ring of see invisible (left hand)
 F - a +4 ring of strength (right hand)
Wands
 H - a wand of iceblast (2/15)
Scrolls
 e - 7 scrolls of teleportation
 f - 4 scrolls of immolation
 g - 4 scrolls of blinking
 k - a scroll of fear {unknown}
 p - 5 scrolls of remove curse
 q - 10 scrolls of identify {unknown}
 r - a scroll of enchant armour
 v - 5 scrolls of recharging {unknown}
 y - a scroll of enchant weapon {unknown}
 z - a scroll of random uselessness {unknown}
 J - a scroll of fog {unknown}
 K - a scroll of brand weapon {unknown}
 O - a scroll of magic mapping {unknown}
Potions
 b - 5 potions of heal wounds
 d - 2 potions of resistance {unknown}
 h - 4 potions of lignification {unknown}
 i - 3 potions of haste {unknown}
 l - 4 potions of might
 u - 2 potions of brilliance {unknown}
 x - a potion of curing {unknown}
 C - 2 potions of agility {unknown}
 G - 3 potions of flight {unknown}
 I - 2 potions of degeneration {unknown}
 N - 4 potions of berserk rage {unknown}
 P - 2 potions of magic {unknown}
Books
 E - a book of Cantrips

   Spells                             Type                      Level
   a - Confusing Touch                Hexes                        1
   b - Animate Skeleton               Necromancy                   1
   c - Summon Small Mammal            Summoning                    1
   d - Apportation                    Translocation                1
   Trog disapproves of the use of such an item.
 L - a book of Minor Magic

   Spells                             Type                      Level
   a - Magic Dart                     Conjuration                  1
   b - Blink                          Translocation                2
   c - Call Imp                       Summoning                    2
   d - Repel Missiles                 Charms/Air                   2
   e - Slow                           Hexes                        2
   f - Conjure Flame                  Conjuration/Fire             3
   g - Mephitic Cloud                 Conjuration/Poison/Air       3
   Trog disapproves of the use of such an item.
Comestibles
 c - 6 bread rations
 m - 2 slices of pizza
 o - 6 beef jerkies
 s - 3 meat rations
 Q - 9 royal jellies
 R - 3 fruits


   Skills:
 + Level 9.8(0.0) Fighting
 + Level 9.8(0.0) Short Blades
 + Level 8.8(0.0) Armour
 - Level 1.5(0.0) Dodging


You had 10 spell levels left.
You didn't know any spells.

Dungeon Overview and Level Annotations

Branches:
Dungeon (10/15)            Temple (0/1) D:4            Lair (0/6) D:9
    Orc (0/2) D:10

Altars:

Shops:
D:10 }

Annotations:
D:10 Sonja


Innate Abilities, Weirdness & Mutations

You have razor-sharp teeth.
Your natural rate of healing is unusually fast.
When hurt, damage is shared between your health and your magic reserves.
Your bite disrupts and absorbs the magic of your enemies.
Potions and wands cannot restore your health.
You are immune to rotting.


Message History

The killer bee stings you but does no damage. x2
The killer bee barely misses you.
Your ogre barely misses the killer bee.
The killer bee stings you.
* * * LOW HITPOINT WARNING * * *
You are more poisoned.
The killer bee poisons you!
The killer bee stings you but does no damage.
You miss the killer bee. You bite the killer bee! You drain its power.
You feel invigorated.
You kill the killer bee!
Trog accepts your kill.
* * * LOW HITPOINT WARNING * * *
You feel very sick. The killer bee stings you.
* * * LOW HITPOINT WARNING * * *
Your ogre hits the killer bee with a giant club!!!
The killer bee dies!
Trog accepts your kill.
It was a potion of heal wounds.
That seemed strangely inert.
You die...

#.....#...(.#
#####.'.....' ###.....#
#. #.....# ##.## ###'###
.....#### ##.# ..8.....#
#..# .?......## #.##
......O@.#### ##.####
..>....8[...# #......
.......)....# ####......
........#...###.........
..8.....#))(....##......
.....####))[######......
##.....$..[.# #>.....
...........# #......
#..........# #......


You could see a friendly ogre (berserk).

Vanquished Creatures
  Gastronok (D:10)
  Erica (D:9)
  3 hornets (D:8)
  Prince Ribbit (D:7)
  3 hippogriffs
  Grinder (D:3)
  Sigmund (D:6)
  4 yaks (D:9)
  Grum (D:8)
  Menkaure (D:4)
  Edmund (D:4)
  A water moccasin (D:6)
  The ghost of loom the Conjurer, an amateur DECj of Vehumet (D:4)
  2 orc warriors (D:8)
  3 sky beasts
  3 ice beasts
  3 black bears
  6 ogres
  3 phantoms
  3 wolves (D:7)
  A centaur (D:6)
  A crocodile (D:9)
  A big kobold (D:4)
  A bullfrog (D:9)
  2 water moccasin zombies (Ossuary)
  A wyvern skeleton (D:10)
  A scorpion (D:7)
  A killer bee (D:10)
  4 wights (D:10)
  4 howler monkeys
  4 crimson imps
  2 bullfrog zombies (D:5)
  2 jellies
  5 orc priests
  4 hounds
  2 orc wizards (D:8)
  A bullfrog skeleton (D:9)
  2 centaur skeletons
  3 iguanas
  11 worker ants
  A big kobold zombie (Ossuary)
  A hound zombie (D:6)
  A hound skeleton (D:9)
  2 mummies (Ossuary)
  A worker ant zombie (D:5)
  8 gnolls
  11 adders
  5 shadow imps
  8 adder zombies
  An adder skeleton (D:9)
  3 worms
  2 dart slugs (D:4)
  6 leopard geckos
  32 orcs
  A ball python (D:4)
  4 giant cockroaches
  6 gnoll zombies (Ossuary)
  11 goblins
  9 hobgoblins
  7 jackals
  7 kobolds
  6 quokkas
  9 bats
  6 frilled lizards
  5 hobgoblin zombies (Ossuary)
  7 kobold zombies (Ossuary)
  7 orc zombies (Ossuary)
  A quokka skeleton (D:9)
  A quokka zombie (D:5)
  10 rats
  2 plants (D:4)
277 creatures vanquished.

Vanquished Creatures (collateral kills)
  A killer bee (D:10)
1 creature vanquished.

Vanquished Creatures (others)
  3 fungi (D:9)
  A plant (D:9)
4 creatures vanquished.

Grand Total: 282 creatures vanquished

Notes
Turn   | Place    | Note
-------+----------+-------------------------------------------
     0 | D:1      | Jerry the Vine Stalker Berserker began the quest for the Orb.
     0 | D:1      | Reached XP level 1. HP: 11/11 MP: 2/2
   198 | D:1      | Reached XP level 2. HP: 16/16 MP: 3/3
   805 | D:1      | Reached XP level 3. HP: 20/20 MP: 4/4
  1538 | D:2      | Gained mutation: Your natural rate of healing is unusually fast. [Vine Stalker growth]
  1538 | D:2      | Reached XP level 4. HP: 11/24 MP: 3/5
  1836 | D:2      | Reached ** piety under Trog
  2307 | D:3      | Noticed Grinder
  2318 | D:3      | HP: 1/36 [Grinder (5)]
  2322 | D:3      | Killed Grinder
  2322 | D:3      | Reached XP level 5. HP: 2/29 MP: 6/6
  2322 | D:3      | Reached XP level 6. HP: 3/33 MP: 7/7
  3045 | D:4      | Noticed loom's ghost (amateur DECj)
  3048 | D:4      | Reached XP level 7. HP: 38/38 MP: 8/8
  3057 | D:4      | Killed loom's ghost
  3057 | D:4      | Reached *** piety under Trog
  3142 | D:4      | Reached skill level 5 in Fighting
  3142 | D:4      | Reached skill level 5 in Short Blades
  3268 | D:4      | Noticed Menkaure
  3276 | D:4      | Killed Menkaure
  3276 | D:4      | Gained mutation: You have razor-sharp teeth. [Vine Stalker growth]
  3276 | D:4      | Reached XP level 8. HP: 40/43 MP: 9/9
  3339 | D:4      | Got a wavering zirconium amulet
  3385 | D:4      | Found a staircase to the Ecumenical Temple.
  3495 | D:4      | Noticed Edmund
  3515 | D:4      | Killed Edmund
  3726 | D:4      | Identified the amulet of the Forsaken Beggars {Gourm Str+2 Int+2} (You found it on level 4 of the Dungeon)
  3772 | D:5      | Entered Level 5 of the Dungeon
  3976 | D:5      | Reached skill level 5 in Armour
  4198 | D:5      | Reached **** piety under Trog
  5081 | D:6      | Reached XP level 9. HP: 49/49 MP: 10/10
  5244 | D:6      | Noticed Sigmund
  5248 | D:6      | Killed Sigmund
  5974 | D:7      | Noticed Prince Ribbit
  5980 | D:7      | Killed Prince Ribbit
  6146 | D:8      | Noticed Grum
  6153 | D:7      | Reached XP level 10. HP: 56/56 MP: 11/11
  6184 | D:8      | Killed Grum
  6539 | D:8      | Found a sand-covered staircase.
  6545 | Ossuary  | Entered an ossuary
  6573 | Ossuary  | Reached ***** piety under Trog
  6980 | D:8      | Paralysed by a hornet for 1 turns
  7114 | D:9      | Received a gift from Trog
  7197 | D:9      | Noticed Erica
  7199 | D:9      | Found a staircase to the Lair.
  7228 | D:9      | Killed Erica
  7263 | D:9      | Reached XP level 11. HP: 55/62 MP: 12/12
  7848 | D:10     | Entered Level 10 of the Dungeon
  7848 | D:10     | Found Asiong's Gadget Emporium.
  7992 | D:10     | Noticed Sonja
  8102 | D:10     | Noticed Gastronok
  8111 | D:10     | Killed Gastronok
  8131 | D:10     | Found a staircase to the Orcish Mines.
  8147 | D:10     | HP: 3/63 [killer bee (3)]
  8148 | D:10     | HP: 1/63 [killer bee (1)]
  8149 | D:10     | Succumbed to a killer bee's poison

Skill      XL: |  1  2  3  4  5  6  7  8  9 10 |
---------------+-------------------------------+-----
Short Blades   | 3 4 5 6 7 9 |  9.8
Fighting       | 3 4 5 6 7 9 |  9.8
Armour         | 2 3 4 5 6 8 |  8.8
Dodging        | |  1.5

Action                   |  1- 3 |  4- 6 |  7- 9 | 10-12 || total
-------------------------+-------+-------+-------+-------++-------
Melee: Short sword       |    97 |   161 |   221 |       ||   479
       Bite              |    17 |    51 |   130 |   131 ||   329
       Long sword        |       |       |    85 |   162 ||   247
       Rapier            |       |       |       |   156 ||   156
Invok: Berserk           |     1 |     3 |     7 |     5 ||    16
       Trog's Hand       |       |       |     3 |     2 ||     5
       Brothers in Arms  |       |       |       |     1 ||     1
  Use: Scroll            |       |     6 |       |       ||     6
       Potion            |       |       |       |     1 ||     1
  Eat: Chunk             |     3 |     6 |    35 |     8 ||    52
Armor: Scale mail        |    29 |    34 |       |       ||    63
       Chain mail        |       |    30 |   113 |   268 ||   411
Dodge: Dodged            |    36 |    63 |    89 |   159 ||   347
Block: Other             |     8 |    19 |     9 |       ||    36
       Reflection        |       |     1 |     1 |       ||     2
       Rpst.: Long sword |       |       |    12 |    27 ||    39
